 Dungeon Crawl Stone Soup version 0.30-a0-634-g8abc85282e (webtiles) character file.

Game seed: 4386114203508538470

1620 wormed the Changer (level 8, -7/64 HPs)
             Began as an Octopode Transmuter on Jan 14, 2023.
             Was an Initiate of Gozag.
             Mangled by a troll (11 damage)
             ... on level 6 of the Dungeon.
             The game lasted 00:08:28 (6824 turns).

wormed the Changer (Octopode Transmuter)            Turns: 6824, Time: 00:08:29

Health: -7/64      AC:  7    Str:  7    XL:     8   Next: 96%
Magic:  19/23      EV: 11    Int: 18    God:    Gozag
Gold:   392        SH:  0    Dex: 12    Spells: 9/15 levels left

rFire   + . .      SeeInvis +      - Unarmed
rCold   + + +      Faith    .    (shield currently unavailable)
rNeg    + . .      Spirit   .    (helmet currently unavailable)
rPois   +          Reflect  .    c - amulet of the acrobat
rElec   .          Harm     .    b - ring "Gurphu Lisadd" {rF++ rN+ MP+9 Str-2 SInv}
rCorr   .          Rampage  .    (no ring)
Will    .....                    (no ring)
Stlth   +                        (no ring)
HPRegen 0.30/turn                (no ring)
MPRegen 0.18/turn                (no ring)
                                 (no ring)
                                 (no ring)

@: ice-form, wereblooded
A: freezing attack, boosted hp, almost no armour, amphibious, 8 rings, large,
(camouflage 1), (gelatinous body 1), (nimble swimmer 1), (tentacles)
a: End Transformation, Renounce Religion, Potion Petition, Call Merchant, Bribe
Branch


You were on level 6 of the Dungeon.
You worshipped Gozag.
Gozag was aware of your devotion.
You were a creature of crystalline ice.
You visited 2 branches of the dungeon, and saw 7 of its levels.

You collected 453 gold pieces.
You paid 61 gold pieces to Gozag.

Inventory:

Missiles
 d - 3 throwing nets
Jewellery
 b - the ring "Gurphu Lisadd" (left front paw) {rF++ rN+ MP+9 Str-2 SInv}
   (You acquired it on level 1 of the Dungeon)

   [ring of magical power]

   Str:       It affects your strength (-2).
   rF:        It greatly protects you from fire.
   rN:        It protects you from negative energy.
   MP:        It affects your magic capacity (+9).
   SInv:      It lets you see invisible.
 c - an amulet of the acrobat (around neck)
 k - a ring of fire
Wands
 g - a wand of charming (10)
 h - a wand of flame (19)
Scrolls
 m - 2 scrolls of enchant weapon
 n - 2 scrolls of identify
 o - 2 scrolls of poison
Potions
 a - a potion of lignification
 e - 2 potions of brilliance
 f - 2 potions of curing
 i - 2 potions of mutation
 j - a potion of resistance
 l - a potion of heal wounds {unknown}
 p - 2 potions of cancellation {unknown}
 q - a potion of might {unknown}


   Skills:
 + Level 4.0 Fighting
 + Level 4.5 Dodging
 + Level 5.1 Unarmed Combat
 + Level 4.1 Spellcasting
 * Level 6.3 Transmutations
 + Level 3.7 Ice Magic


You had 9 spell levels left.
You knew the following spells:

 Your Spells              Type           Power      Damage    Failure   Level
a - Wereblood             Tmut           26%        N/A       1%          2
b - Ice Form              Ice/Tmut       21%        N/A       19%         4

Your spell library contained the following spells:

 Spells                   Type           Power      Damage    Failure   Level
 Beastly Appendage        Tmut           52%        N/A       1%          1
 Ozocubu's Armour         Ice            17%        N/A       10%         3
 Spider Form              Tmut/Pois      15%        N/A       12%         3
 Call Canine Familiar     Summ           3%         N/A       41%         3
 Gell's Gravitas          Tloc           3%         N/A       41%         3
 Lesser Beckoning         Tloc           6%         N/A       41%         3
 Portal Projectile        Hex/Tloc       6%         N/A       41%         3
 Teleport Other           Tloc           3%         N/A       41%         3
 Leda's Liquefaction      Hex/Erth       1%         N/A       82%         4
 Olgreb's Toxic Radiance  Pois           3%         N/A       82%         4
 Lee's Rapid Deconstruct  Erth           1%         3d4*      99%         5
 Statue Form              Tmut/Erth      10%        N/A       99%         6
 Ozocubu's Refrigeration  Ice            8%         4d9       100%        7
 Ignition                 Fire           1%         3d3       100%        8


Dungeon Overview and Level Annotations

Branches:
Dungeon (6/15)             Temple (1/1) D:5

Altars:
Ashenzari
Cheibriados
Dithmenos
Elyvilon
Fedhas
Gozag
Hepliaklqana
Kikubaaqudgha
Makhleb
Nemelex Xobeh
Okawaru
Qazlal
Ru
Sif Muna
Uskayaw
Wu Jian
Xom
Zin
The Shining One


Innate Abilities, Weirdness & Mutations

You are a creature of crystalline ice.
You have a powerful freezing melee attack.
Your maximum health is increased.
Your armour is entirely melded.
You are incapable of wielding weapons or throwing items.
You cannot wear most types of armour.
You are amphibious.
You can wear up to eight rings at the same time.
((Your skin changes colour to match your surroundings (Stealth+).))
((Your rubbery body absorbs attacks. (AC +1, EV +1)))
((You are camouflaged when in or above water. (Stealth+)))
((You have tentacles for arms and can constrict up to eight enemies at once.))


Message History

The spell is quite dangerous to miscast (19% risk of failure)!
Continue anyway?
You turn into a creature of crystalline ice.
The troll shouts!
The necrophage misses you.
You barely miss the necrophage. The necrophage barely misses you.
You hit the necrophage but do no damage.
You punch the necrophage! You freeze the necrophage.
The necrophage is severely damaged.
The necrophage hits you but does no damage.
You barely miss the necrophage.
The necrophage is severely damaged.
The necrophage misses you.
You barely miss the necrophage.
The necrophage is severely damaged.
The necrophage barely misses you. The troll bites you! The troll claws you! x2
You punch the necrophage!
The necrophage is almost destroyed.
The necrophage hits you but does no damage.
The troll bites you! The troll claws you.
The troll claws you but does no damage.
You barely miss the necrophage.
The necrophage is almost destroyed.
The necrophage hits you.
* * * LOW HITPOINT WARNING * * *
The troll bites you!
* * * LOW HITPOINT WARNING * * *
The troll barely misses you. The troll claws you but does no damage.
The troll completely misses you. The troll barely misses you.
The troll closely misses you.
The necrophage attacks as you move away!
The necrophage completely misses you.
You feel better.
The necrophage hits you but does no damage.
The necrophage attacks as you move away!
The necrophage hits you but does no damage.
The troll attacks as you move away! The troll bites you!
* * * LOW HITPOINT WARNING * * *
The troll claws you!
You die...
Your body crumbles into a pile of gold.

..........####..# ##
#####........## #...#
..##.........#..###....#
..........##.#...##..#..
#........##...##...##..
.#......#...........##.#
....#...##..##......##..
.(.......##.#.......#...
.##.#..Y###.###.........
.......nT##.# #..[......
........###.###.........
..#.....###.............
# ##....................
###.........)).......
##.......))#.......
#......<.>##.......
##.........##...###


You could see a troll and a necrophage.

Vanquished Creatures
  A steam dragon (D:6)
  3 water moccasins
  An ice beast (D:5)
  A black bear (D:5)
  An ogre (D:5)
  A bullfrog (D:6)
  3 gnoll sergeants
  A scorpion (D:4)
  2 hounds
  4 iguanas
  2 orc priests (D:6)
  2 orc wizards
  Robin (D:2)
  10 gnolls
  9 adders
  A white imp (D:6)
  4 worms
  4 dart slugs
  15 orcs
  5 ball pythons
  8 endoplasms
  8 giant cockroaches
  12 goblins
  17 hobgoblins
  7 quokkas
  7 bats
  4 frilled lizards
  5 kobolds
  2 rats (D:1)
141 creatures vanquished.

Vanquished Creatures (others)
  7 fungi (D:6)
  3 toadstools (D:6)
10 creatures vanquished.

Grand Total: 151 creatures vanquished

Notes
Turn   | Place    | Note
-------+----------+-------------------------------------------
     0 | D:1      | wormed the Octopode Transmuter began the quest for the Orb.
     0 | D:1      | Reached XP level 1. HP: 13/13 MP: 3/3
    89 | D:1      | Reached XP level 2. HP: 14/18 MP: 5/5
   128 | D:1      | Learned a level 2 spell: Wereblood
   453 | D:1      | Reached XP level 3. HP: 23/23 MP: 3/6
  1179 | D:1      | Identified a scroll of acquirement
  1179 | D:1      | Acquired the ring "Gurphu Lisadd" {rF++ rN+ MP+9 Str-2
                  | SInv}
  1385 | D:2      | Noticed Robin
  1388 | D:2      | Reached skill level 3 in Transmutations
  1395 | D:2      | Killed Robin
  1396 | D:2      | Reached XP level 4. HP: 28/28 MP: 7/7
  1441 | D:2      | Learned a level 4 spell: Ice Form
  1654 | D:2      | Reached skill level 1 in Ice Magic
  2001 | D:2      | Reached XP level 5. HP: 24/34 MP: 8/8
  3166 | D:4      | Reached XP level 6. HP: 38/39 MP: 10/10
  3458 | D:4      | Reached skill level 4 in Transmutations
  3736 | D:4      | Found an ornate altar of the Wu Jian Council.
  3891 | D:5      | Entered Level 5 of the Dungeon
  3906 | D:5      | Reached XP level 7. HP: 28/45 MP: 10/11
  4702 | D:5      | Reached skill level 5 in Transmutations
  4985 | D:5      | Reached XP level 8. HP: 52/52 MP: 13/13
  5016 | D:5      | Found a blossoming altar of Fedhas.
  5108 | D:5      | Found a staircase to the Ecumenical Temple.
  5136 | Temple   | Entered the Ecumenical Temple
  5513 | Temple   | Became a worshipper of Gozag Ym Sagoz the Greedy
  6233 | D:6      | Noticed a troll
  6430 | D:6      | Reached skill level 6 in Transmutations
  6455 | D:6      | Reached skill level 5 in Unarmed Combat
  6817 | D:6      | HP: 2/64 [troll (17)]
  6824 | D:6      | Mangled by a troll

Illustrated notes

Levels and vault maps discovered:
D:1:      onia_arrival_mini_spirals, layout_basic
D:2:      layout_loops_ring, uniq_robin
D:3:      layout_loops_cross
D:4:      layout_loops_cross, lemuel_coloured_pillars_altar, minmay_cupped
D:5:      layout_loops_corners, mainiacjoe_overflow_tiny_flanked,
          minmay_temple_entry_sparse_star, minivault_5
D:6:      layout_cave_pools, minmay_gold_behind_fungi, minmay_chambers_of_fives
Temple:   minmay_temple_bridge_d

Skill      XL: |  1  2  3  4  5  6  7  8 |
---------------+-------------------------+-----
Transmutations | 3 4 5 6 |  6.3
Ice Magic      | 1 2 3 |  3.7
Fighting       | 2 3 4 |  4.0
Dodging        | 3 4 |  4.5
Unarmed Combat | 4 5 |  5.1
Spellcasting   | 3 4 |  4.1

Action                   |  1- 3 |  4- 6 |  7- 9 || total
-------------------------+-------+-------+-------++-------
Melee: Unarmed           |    77 |   148 |   146 ||   371
       Constrict         |    21 |    26 |     1 ||    48
       Kick              |    21 |    41 |       ||    62
       Tentacles         |    10 |    23 |     2 ||    35
       Punch             |     1 |     6 |     1 ||     8
 Cast: Beastly Appendage |    20 |    25 |       ||    45
       Wereblood         |    14 |    26 |    19 ||    59
       Ice Form          |       |     4 |    20 ||    24
  Use: Scroll            |     5 |     5 |     3 ||    13
       Potion            |       |       |     1 ||     1
 Stab: Sleeping          |     4 |     1 |       ||     5
Armor: Skin              |    11 |    15 |    46 ||    72
Dodge: Dodged            |    46 |    94 |    88 ||   228

Table legend: (Time is in decaauts)
 A = Elapsed time spent in this place.
 B = Non-inter-level travel time spent in this place.
 C = Inter-level travel time spent in this place.
 D = Time resting spent in this place.
 E = Time spent auto-exploring this place.
 F = Levels seen in this place.
 G = Mean time per level.
                   A        B        C        D        E       F      G
               +--------+--------+--------+--------+--------+-----+--------+
         Total |   6798 |   6455 |    343 |    100 |   5307 |   7 |  971.1 |
       Dungeon |   6347 |   6153 |    194 |    100 |   5018 |   6 | 1057.8 |
        Temple |    450 |    301 |    149 |      0 |    289 |   1 |  450.0 |
               +--------+--------+--------+--------+--------+-----+--------+

Top non-repeatable levels by time:
     D:5: 1807 daAuts
     D:1: 1286 daAuts
     D:4: 1016 daAuts
     D:2: 907 daAuts
     D:3: 817 daAuts
     D:6: 513 daAuts
  Temple: 450 daAuts
